 Dungeon Crawl Stone Soup version 0.27-a0-1181-g5f64966fcc (webtiles) character file.

Game seed: 1095256382994165875

1075 bilbop the Magician (level 8, -2/57 HPs)
             Began as a Djinni Venom Mage on May 17, 2021.
             Was an Initiate of Yredelemnul.
             Slain by a centaur skeleton (3 damage)
             ... on level 4 of the Dungeon.
             The game lasted 00:44:43 (6797 turns).

bilbop the Magician (Djinni Venom Mage)             Turns: 6797, Time: 00:44:44

Health: -2/57      AC:  4    Str:  7    XL:     8   Next: 54%
Gold:   195        EV: 11    Int: 18    God:    Yredelemnul [......] SH:  0 Dex: 15

rFire    + . .     SeeInvis .   f - +2 dagger (venom)
rCold    + . .     Faith    .   (no shield)
rNeg     . . .     Spirit   .   v - +0 leather armour
rPois    ∞         Reflect  .   r - +0 helmet
rElec    .         Harm     .   (no cloak)
rCorr    .         Rampage  .   (no gloves)
Will     .....                  (boots unavailable)
Stlth    ++........             k - amulet of the acrobat
HPRegen  0.19/turn              d - ring of ice
MPRegen  0.00/turn              l - ring of protection from cold

@: flying
A: sickness immunity, fire resistance 2, cold vulnerability 1, float, innate
caster, hp casting, extra vitality 1
a: Renounce Religion


You were on level 4 of the Dungeon.
You worshipped Yredelemnul.
Yredelemnul was noncommittal.
You visited 2 branches of the dungeon, and saw 8 of its levels.

You collected 195 gold pieces.

Inventory:

Hand Weapons
 b - a +2 dagger of draining
 f - a +2 dagger of venom (weapon)
 s - a +2 short sword of venom
Armour
 a - a +0 robe
 r - a +0 helmet (worn)
 v - a +0 leather armour (worn)
Jewellery
 d - a ring of ice (left hand)
 k - an amulet of the acrobat (around neck)
 l - a ring of protection from cold (right hand)
Scrolls
 c - 5 scrolls of identify {unknown}
 e - a scroll of enchant weapon {unknown}
 i - 2 scrolls of amnesia {unknown}
 j - a scroll of teleportation {unknown}
 o - a scroll of fear {unknown}
 t - a scroll of summoning {unknown}
 x - a scroll of enchant armour {unknown}
 y - 2 scrolls of magic mapping {unknown}
 A - a scroll of vulnerability {unknown}
Potions
 g - 2 potions of degeneration {unknown}
 h - a potion of curing {unknown}
 m - 2 potions of berserk rage {unknown}
 n - 2 potions of attraction {unknown}
 p - 2 potions of heal wounds {unknown}
 q - 2 potions of lignification {unknown}
 u - a potion of might {unknown}
 w - a potion of haste {unknown}
 z - a potion of brilliance {unknown}


   Skills:
 + Level 3.6 Fighting
 + Level 3.2 Short Blades
 - Level 2.1 Dodging
 + Level 3.7 Stealth
 * Level 4.8 Spellcasting
 + Level 3.5 Invocations


You couldn't memorise any spells.
You knew the following spells:

 Your Spells              Type           Power      Damage    Failure   Level
a - Sting                 Tmut/Pois      84%        1d7       2%          1
b - Poisonous Vapours     Pois/Air       42%        N/A       4%          2
c - Mephitic Cloud        Conj/Pois/Air  21%        N/A       9%          3
d - Ignite Poison         Fire/Tmut/Pois 21%        N/A       9%          3
e - Olgreb's Toxic Radia  Pois           21%        N/A       28%         4
f - Magic Dart            Conj           84%        1d7       2%          1
g - Slow                  Hex            21%        N/A       4%          2
h - Swiftness             Air            21%        N/A       9%          3
Your spell library was empty.

Dungeon Overview and Level Annotations

Branches:
Dungeon (7/15)             Temple (1/1) D:5

Altars:
Dithmenos
Fedhas
Gozag
Hepliaklqana
Kikubaaqudgha
Nemelex Xobeh
Okawaru
Qazlal
Ru
Uskayaw
Vehumet
Wu Jian
Xom
Yredelemnul
Zin
The Shining One
Lugonu


Innate Abilities, Weirdness & Mutations

You are immune to sickness and miasma.
You are immune to poison.
Your flesh is very heat resistant. (rF++)
You are vulnerable to cold. (rC-)
You float through the air rather than walking.
You learn spells naturally, not from books.
Your magical power is your life essence.
You have superior vitality. (+4 HP)


Message History

* * * LOW HITPOINT WARNING * * *
You kill the ufetubus!
Yredelemnul accepts your kill. The centaur skeleton hits you.
* * * LOW HITPOINT WARNING * * *
The centaur skeleton barely misses you.
Casting: Sting (safe; 2% risk of failure)
Confirm with . or Enter, or press ? or * to list all spells.
Aiming: Sting (safe; 2% risk of failure)
Press: ? - help, Shift-Dir - straight line, f - centaur skeleton
Aim: a centaur skeleton (100% to hit)
The sting hits the centaur skeleton.
The centaur skeleton partially resists.
The centaur skeleton is lightly damaged.
* * * LOW HITPOINT WARNING * * *
The centaur skeleton hits you.
* * * LOW HITPOINT WARNING * * *
The centaur skeleton closely misses you.
You completely miss the centaur skeleton.
The centaur skeleton is lightly damaged.
The centaur skeleton hits you but does no damage.
The centaur skeleton kicks you but does no damage.
You hit the centaur skeleton.
The centaur skeleton is moderately damaged.
The centaur skeleton hits you.
* * * LOW HITPOINT WARNING * * *
The centaur skeleton kicks you but does no damage.
You hit the centaur skeleton.
The centaur skeleton is moderately damaged.
The centaur skeleton hits you.
* * * LOW HITPOINT WARNING * * *
The centaur skeleton closely misses you.
Okay, then.
The centaur skeleton hits you.
* * * LOW HITPOINT WARNING * * *
The centaur skeleton misses you.
You hit the centaur skeleton.
The centaur skeleton is moderately damaged.
The centaur skeleton hits you.
You die...
Your body rises from the dead as a mindless zombie.

#.....### ###. ####...... #.
#.......... #. ## ...##### ##
##.###..#...## #...#...#.8.'#
#.......#...# ##
##.....#)..#..#
##.###...@Z.')8.'#
#...##......#...#.#
####..........#..†#
#...#.........#.8.'#
##...#..###..###...##
#.......# ##.################
###.....# #.#..........##...
#.....######.........##[##...
###....†.##(..........#.##...


You could see a centaur skeleton.

Vanquished Creatures
  Sigmund (D:5)
  Menkaure (D:4)
  An ogre (D:4)
  A water moccasin skeleton (D:4)
  A bullfrog zombie (D:5)
  A jelly (D:5)
  2 hounds
  A bullfrog skeleton (D:3)
  2 orc wizards (D:4)
  7 iguanas
  2 howler monkey zombies
  5 gnolls
  A howler monkey skeleton (D:6)
  6 adders
  2 ufetubi (D:4)
  2 adder skeletons (D:4)
  3 worms
  3 dart slugs
  17 orcs
  9 ball pythons
  7 bats
  10 endoplasms
  5 giant cockroaches
  7 goblins
  A hobgoblin (D:2)
  5 jackals
  5 kobolds
  2 quokkas (D:1)
  6 frilled lizards
  11 rats
127 creatures vanquished.

Notes
Turn   | Place    | Note
-------+----------+-------------------------------------------
     0 | D:1      | bilbop the Djinni Venom Mage began the quest for the Orb.
     0 | D:1      | Reached XP level 1. HP: 15/15 MP: 0/0
   337 | D:1      | Reached XP level 2. HP: 18/22 MP: 0/0
   912 | D:1      | Reached XP level 3. HP: 24/26 MP: 0/0
   912 | D:1      | Learned a level 1 spell: Magic Dart
  1258 | D:1      | Reached skill level 1 in Fighting
  1258 | D:1      | Reached skill level 1 in Invocations
  1437 | D:2      | Reached skill level 1 in Short Blades
  1570 | D:2      | Reached XP level 4. HP: 21/32 MP: 0/0
  1915 | D:2      | Reached skill level 3 in Spellcasting
  2387 | D:2      | Reached XP level 5. HP: 37/37 MP: 0/0
  2387 | D:2      | Learned a level 2 spell: Slow
  3424 | D:3      | Found a faded altar of an unknown god.
  3977 | D:3      | Reached XP level 6. HP: 43/43 MP: 0/0
  3983 | D:3      | Found an opulent altar of Gozag.
  4189 | D:4      | You are sucked into a shaft and drop 3 floors!
  4207 | D:7      | Noticed a water moccasin
  4343 | D:6      | Identified the +1 chain mail of Polytheism {Rampage Dex+4}
  4502 | D:5      | Entered Level 5 of the Dungeon
  4647 | D:5      | Noticed Sigmund
  4955 | D:4      | Reached XP level 7. HP: 44/49 MP: 0/0
  4955 | D:4      | Learned a level 3 spell: Swiftness
  5077 | D:4      | Noticed Menkaure
  5092 | D:4      | Killed Menkaure
  5093 | D:4      | Reached skill level 4 in Spellcasting
  5474 | D:4      | You are sucked into a shaft and drop 2 floors!
  5829 | D:5      | Killed Sigmund
  5830 | D:5      | Reached XP level 8. HP: 46/56 MP: 0/0
  6179 | D:5      | Found a stormy altar of Qazlal.
  6181 | D:5      | Found a glowing golden altar of the Shining One.
  6181 | D:5      | Found a shadowy altar of Dithmenos.
  6181 | D:5      | Found an iron altar of Okawaru.
  6181 | D:5      | Found a hazy altar of Hepliaklqana.
  6182 | D:5      | Found a sparkling altar of Nemelex Xobeh.
  6205 | D:5      | Found a staircase to the Ecumenical Temple.
  6219 | Temple   | Entered the Ecumenical Temple
  6316 | Temple   | Became a worshipper of Yredelemnul the Dark
  6794 | D:4      | HP: 2/57 [centaur skeleton (3)]
  6797 | D:4      | Slain by a centaur skeleton

Illustrated notes

Levels and vault maps discovered:
D:1:      amcnicky_arrival_gap_in_the_tavern_cellar, layout_basic
D:2:      minmay_wonky_spiral, layout_rooms, minmay_indecisive_spiral
D:3:      cheibrodos_helix_gallery, layout_basic, nicolae_gozag_seed_capital,
          hellmonk_ecumenical_altar_lost_god, kennysheep_generic_room_9
D:4:      minmay_chambers_of_threes, layout_cave_pools,
          kennysheep_generic_room_13, uniq_menkaure
D:5:      layout_loops_ring, grunt_temple_overflow_open,
          nicolae_overflow_hidden_temple, lemuel_tele_altar,
          minmay_temple_entry_wispy, uniq_sigmund
D:6:      layout_loops_corners, serial_shops, nicolae_shop_behind_doors,
          nrook_mini_vaults, chequers_serial_rivers_micro_e, uniq_prince_ribbit1
D:7:      layout_loops_corners, slow_altar_1, kennysheep_generic_room_15
Temple:   kb_corrupted_temple

Skill      XL: |  1  2  3  4  5  6  7  8 |
---------------+-------------------------+-----
Fighting       | 1 2 3 |  3.6
Invocations    | 1 2 3 |  3.5
Short Blades   | 1 2 3 |  3.2
Stealth        | 2 3 |  3.7
Spellcasting   | 3 4 |  4.8
Dodging        | |  2.1

Action                   |  1- 3 |  4- 6 |  7- 9 || total
-------------------------+-------+-------+-------++-------
Melee: Unarmed           |     1 |       |       ||     1
       Dagger            |    40 |    94 |    61 ||   195
 Cast: Sting             |    34 |    48 |    26 ||   108
       Magic Dart        |     1 |    39 |    25 ||    65
       Poisonous Vapours |       |     6 |    18 ||    24
       Ignite Poison     |       |     1 |     7 ||     8
       Mephitic Cloud    |       |       |     1 ||     1
 Stab: Sleeping          |     1 |    10 |       ||    11
Armor: Robe              |    15 |     8 |       ||    23
       Leather armour    |       |     1 |    14 ||    15
Dodge: Dodged            |    32 |    56 |    34 ||   122

Table legend: (Time is in decaauts)
 A = Elapsed time spent in this place.
 B = Non-inter-level travel time spent in this place.
 C = Inter-level travel time spent in this place.
 D = Time resting spent in this place.
 E = Time spent auto-exploring this place.
 F = Levels seen in this place.
 G = Mean time per level.
                   A        B        C        D        E       F      G
               +--------+--------+--------+--------+--------+-----+--------+
         Total |   6778 |   6361 |    417 |   2337 |   3027 |   8 |  847.2 |
       Dungeon |   6663 |   6269 |    394 |   2337 |   2938 |   7 |  951.9 |
        Temple |    114 |     91 |     23 |      0 |     89 |   1 |  114.0 |
               +--------+--------+--------+--------+--------+-----+--------+

Top non-repeatable levels by time:
     D:3: 1572 daAuts
     D:1: 1419 daAuts
     D:4: 1270 daAuts
     D:2: 1151 daAuts
     D:5: 793 daAuts
     D:6: 427 daAuts
  Temple: 114 daAuts
     D:7: 27 daAuts
